 Dungeon Crawl Stone Soup version 0.18-a0-1225-g5d63bca (webtiles) character file.

117301 M4edhros the Prestidigitator (level 16, -4/111 HPs)
             Began as an Octopode Artificer on Feb 3, 2016.
             Was an Elder of Fedhas.
             Slain by a chaos spawn (8 damage)
             ... summoned by a deep elf mage
             ... while paralysed by a chaos spawn
             ... on level 3 of the Elven Halls.
             The game lasted 02:06:28 (37610 turns).

M4edhros the Prestidigitator (Octopode Artificer)  Turns: 37610, Time: 02:06:28

Health: -4/111     AC:  9    Str:  9    XL:     16   Next: 73%
Magic:  35/35      EV:  4    Int: 23    God:    Fedhas [****..]
Gold:   3206       SH:  0    Dex: 11    Spells: 5 memorised, 15 levels left

rFire  + + +     SeeInvis .     Y - +5 captain's cutlass {speed, disarm}
rCold  + . .     Gourm    .     B - +2 shield
rNeg   + + .     Faith    +     u - +3 hat of Pondering {ponderous, MR+ MP+10 Int+5}
rPois  +         Spirit   .     U - amulet "Ymueman" {Faith rElec rPois rF++ rN+ Int-2}
rElec  +         Dismiss  .     i - ring of resist corrosion
rCorr  +         Reflect  .     E - ring of flight
SustAt .         Harm     .     F - ring of positive energy
MR     ++...     Rnd*Rage +     M - ring of fire
Stlth  ++++++.... Rnd*Tele +    f - +2 ring of strength
                                g - ring of protection from fire
                                r - ring of teleportation (curse)
                                a - +2 ring of protection

@: paralysed, drained, slow, very resistant to hostile enchantments, very
stealthy
A: almost no armour, amphibious, 8 rings, constrict 8, repulsion field 1, thin
metallic scales 2, camouflage 1, berserk 1, blurry vision 1, clumsy 1, cold
resistance 2, mutation resistance 1, slow regeneration 1, weak 2, gelatinous
body 1
a: Evolution, Sunlight, Growth, Reproduction, Renounce Religion, Evoke Flight


You were on level 3 of the Elven Halls.
You worshipped Fedhas.
Fedhas was greatly pleased with you.
You were near starving.

You visited 5 branches of the dungeon, and saw 28 of its levels.
You also visited: Labyrinth and Ice Cave.

You collected 3408 gold pieces.
You spent 202 gold pieces at shops.

Inventory:

Hand Weapons
 l - a +0 blowgun
 G - a +2 dagger of electrocution
 H - a +4 greatsling of flaming
 Y - the +5 captain's cutlass (weapon) {speed, disarm}
   (You took it off a deep elf high priest on level 3 of the Elven Halls)

   Attacks with this weapon are significantly faster.
Missiles
 e - 474 stones (quivered)
 n - 11 sling bullets of flame
 A - 14 steel sling bullets
 D - 9 curare-tipped needles
 K - 152 sling bullets
Armour
 u - the +3 hat of Pondering (worn) {ponderous, MR+ MP+10 Int+5}
   (You took it off Gastronok on level 2 of the Lair of Beasts)

   It affects your intelligence (+5).
   It affects your resistance to hostile enchantments.
   It affects your magic capacity (+10).
 B - a +2 shield (worn)
 Q - a +0 shield
Rods
 y - a +2 rod of inaccuracy (6/15)
   (You took it off a minotaur in a labyrinth)
Jewellery
 a - a +2 ring of protection (on tentacle)
 c - an uncursed amulet of regeneration {unknown}
 d - an uncursed ring of poison resistance
 f - a +2 ring of strength (on tentacle)
 g - a ring of protection from fire (on tentacle)
 i - a ring of resist corrosion (left tentacle)
 q - an uncursed amulet of harm
 r - a cursed ring of teleportation (on tentacle)
 w - a +4 ring of dexterity {unknown}
 E - a ring of flight (right tentacle)
 F - a ring of positive energy (on tentacle)
 M - a ring of fire (on tentacle)
 S - an uncursed ring of poison resistance
 U - the amulet "Ymueman" (around mantle) {Faith rElec rPois rF++ rN+ Int-2}
   (You took it off a deep elf elementalist on level 3 of the Elven Halls)

   [amulet of faith]

   It allows you to gain divine favour quickly.
   It affects your intelligence (-2).
   It greatly protects you from fire.
   It insulates you from electricity.
   It protects you from poison.
   It protects you from negative energy.
 X - an uncursed amulet of the gourmand {unknown}
Wands
 b - a wand of flame (11/48)
 h - a wand of hasting (1/9)
 m - a wand of digging (1/24)
 v - a wand of confusion (29/48)
 x - a wand of lightning (2/15)
 C - a wand of teleportation (0/9)
 I - a wand of disintegration (10/24)
 J - a wand of disintegration (8/24)
 L - a wand of paralysis (9/24)
 N - a wand of iceblast (2/15)
 O - a wand of teleportation (4/9)
 P - a wand of lightning (0/15)
 Z - a wand of lightning (0/15)
Scrolls
 o - 6 scrolls of fog
 s - 4 scrolls of teleportation
 t - a scroll of fear
 W - a scroll of brand weapon {unknown}
Potions
 p - 5 potions of might
 R - a potion of agility
 T - a potion of berserk rage
 V - a potion of magic
Miscellaneous
 z - a lamp of fire
Comestibles
 j - 11 beef jerkies
 k - 4 meat rations


   Skills:
 * Level 10.6(10.5) Fighting
 - Level 1.1(0.9) Short Blades
 - Level 10.2(10.0) Slings
 - Level 11.0(10.9) Dodging
 - Level 12.1(11.9) Stealth
 - Level 11.9(11.8) Shields
 + Level 5.7(5.5) Spellcasting
 * Level 7.9(7.7) Charms
 - Level 11.7(11.6) Invocations
 * Level 13.1(12.9) Evocations


You had 15 spell levels left.
You knew the following spells:

 Your Spells              Type           Power        Failure   Level  Hunger
a - Repel Missiles        Chrm/Air       ###...       4%          2    None
b - Regeneration          Chrm/Necr      ###.......   10%         3    ##.....
c - Song of Slaying       Chrm           #####...     1%          2    None
d - Shroud of Golubria    Chrm/Tloc      ###.......   4%          2    None
e - Swiftness             Chrm/Air       ###.....     4%          2    None


Dungeon Overview and Level Annotations

Branches:
Dungeon (14/15)            Temple (1/1) D:4            Lair (8/8) D:8
 Shoals (0/4) Lair:3        Snake (0/4) Lair:5        Slime (0/6) Lair:7
    Orc (2/2) D:12            Elf (3/3) Orc:2        Vaults (0/5) D:13

Altars:
Ashenzari
Cheibriados
Dithmenos
Elyvilon
Fedhas
Gozag
Kikubaaqudgha
Makhleb
Nemelex Xobeh
Okawaru
Pakellas
Qazlal
Sif Muna
Trog
Vehumet
Xom
Yredelemnul
Zin
The Shining One

Shops:
Orc:2 %=*%   Elf:3 :

Annotations:
D:11 Josephine


Innate Abilities, Weirdness & Mutations

You cannot wear most types of armour.
You are amphibious.
You can wear up to eight rings at the same time.
You can use your tentacles to constrict eight enemies at once.
Your skin changes colour to match your surroundings (Stealth).
Your rubbery body absorbs attacks (AC +1).
You are surrounded by a mild repulsion field (EV +2).
You are mostly covered in thin metallic scales (AC +3).
You tend to lose your temper in combat.
Scrolls take you a little longer to read.
You are clumsy. (Dex -2)
Your flesh is very cold resistant.
You are somewhat resistant to further mutation.
You regenerate slowly when monsters are visible.
You are very weak. (Str -4)


Message History

The chaos spawn completely misses you. You block the chaos spawn's attack.
The neqoxec shouts!
The deep elf mage mumbles some strange words.
The chaos spawn gores you!
* * * LOW HITPOINT WARNING * * *
You suddenly lose the ability to move!
A deep elf mage comes into view. It is wielding a rapier of venom.
The neqoxec gestures.
The demonic crawler hits you.
* * * LOW HITPOINT WARNING * * *
The demonic crawler hits you but does no damage.
The demonic crawler hits you!
* * * LOW HITPOINT WARNING * * *
The chaos spawn hits you!
* * * LOW HITPOINT WARNING * * *
The chaos spawn freezes you! You resist.
You die...
Xom chortles!
Fedhas appreciates your contribution to the ecosystem.

*,,,,,*#.........#,....,**,,,
*,,,,**#.........#*,,..,**,,,
*,,*,,*.....e(....****,,**,,,
*,***,,...##.##....,*,*,**,,*
*,,,,,,.####.####...,,*,**,*,
*,,,,,**#..#.# *##.,,,,*****
*,,,*** ..#.# ***,,,**,,,
*,***#####.#.# ***,***,* ***
#..##.#@#.# ****.#,
#..##)3s#.# #######.##
#..#3#.e#.# *.#.#....*
##=53###)#.# **...#.#*,
#..).##.r#.# *#.#..###
#....#.#.#.# ###.......
#...#.##.#.#####..(.#..#*
##...)...............$#.#
##.####(.............##:


You could see a demonic crawler, 2 deep elf magi, a smoke demon, a neqoxec, a
chaos spawn, a hell rat and a crimson imp.

Vanquished Creatures
  2 deep elf master archers (Elf:3)
  Gastronok (Lair:2)
  An orc warlord (Orc:1)
  3 deep elf sorcerers
  3 deep elf elementalists
  A stone giant (Orc:1)
  5 deep elf annihilators
  A deep elf demonologist (Elf:3)
  Snorg (Orc:2)
  A fire dragon (D:14)
  4 deep elf death magi
  A minotaur (Lab)
  A vault guard (D:13)
  2 deep elf high priests (Elf:3)
  Fannar (Orc:2)
  3 hydras
  2 death yaks (Lair:6)
  The ghost of Voda the Covert, a journeyman OpIE of Fedhas (Lair:6)
  7 dancing weapons
  A tengu warrior (D:14)
  Urug (Lair:3)
  7 deep elf knights
  4 orc high priests (Orc:2)
  Sonja (D:13)
  A shadow wraith (D:13)
  A death drake (shapeshifter) (Elf:3)
  An unseen horror (D:12)
  A deep troll (D:13)
  7 deep elf archers
  A hill giant (D:13)
  A necromancer (IceCv)
  An orc knight (Orc:2)
  4 ugly things
  34 deep elf magi
  An orc sorcerer (Orc:2)
  A cyclops (Orc:1)
  A torpor snail (Lair:6)
  3 ice statues (IceCv)
  5 black mambas
  6 spiny frogs
  A komodo dragon (shapeshifter) (D:13)
  2 komodo dragons
  5 fire drakes
  6 ice devils (IceCv)
  A freezing wraith (D:14)
  A troll (D:9)
  2 polar bears (Lair:8)
  Grinder (D:5)
  A snapping turtle (Lair:3)
  Prince Ribbit (D:5)
  15 blink frogs
  3 wandering mushrooms
  A boulder beetle (Lair:8)
  3 redbacks
  A shadow (D:13)
  A water elemental (Elf:3)
  2 spriggans (Lair:8)
  32 yaks
  A wyvern (D:13)
  A yak (shapeshifter) (D:13)
  An air elemental (Elf:1)
  3 basilisks
  2 wraiths
  4 hungry ghosts (Lab)
  A fire bat (D:13)
  3 steam dragons
  4 hippogriffs
  A fire elemental (Elf:2)
  12 wolves
  2 vampire mosquitoes (D:8)
  A warg (Orc:2)
  7 water moccasins
  12 porcupines
  4 sky beasts
  A wasp (D:12)
  19 orc warriors
  A black bear (D:10)
  An ice beast (D:6)
  10 ogres
  2 centaurs
  11 crocodiles
  A big kobold (D:12)
  Blork the orc (D:4)
  14 giant frogs
  2 earth elementals
  A gnoll sergeant (D:10)
  A wyvern skeleton (D:11)
  A water moccasin skeleton (D:5)
  4 scorpions
  7 killer bees
  7 wights
  An electric eel (D:14)
  A spectral centaur (D:11)
  3 crimson imps (D:5)
  A draconian simulacrum (IceCv)
  2 lava snakes (D:13)
  A quasit (D:10)
  5 hounds
  4 jellies
  8 centaur skeletons
  22 orc priests
  24 orc wizards
  3 giant frog skeletons
  8 iguanas
  5 troll simulacra (IceCv)
  Natasha (twice) (D:4)
  9 worker ants
  21 sheep
  3 centaur simulacra (IceCv)
  2 hound skeletons
  A mummy (D:7)
  15 adders
  4 gnolls
  A naga simulacrum (IceCv)
  89 river rats
  2 shadow imps (D:5)
  6 white imps
  An ooze (D:3)
  2 adder skeletons (D:4)
  8 worms
  4 giant geckos
  80 orcs
  5 giant cockroaches
  11 goblins
  10 hobgoblins
  9 jackals
  3 quokkas
  4 ball pythons
  7 bats
  4 giant gecko skeletons
  6 giant newts
  2 jackal skeletons
  A jackal zombie (D:5)
  16 kobolds
  3 quokka skeletons
  4 rats
  2 fire vortices (D:13)
  A giant spore (Orc:2)
  A toadstool (Lair:7)
773 creatures vanquished.

Vanquished Creatures (collateral kills)
  Rupert (Lair:8)
  2 deep elf blademasters (Elf:3)
  3 deep elf sorcerers (Elf:3)
  Aizul (Elf:1)
  2 deep elf elementalists (Elf:3)
  5 deep elf demonologists (Elf:3)
  A deep elf death mage (Elf:3)
  A deep elf high priest (Elf:3)
  3 hydras
  A tengu warrior (D:14)
  A dancing weapon (Elf:3)
  2 wandering mushrooms (Lair:8)
  A deep elf knight (Elf:1)
  An orc knight (Orc:1)
  A deep elf mage (Elf:3)
  3 spiny frogs
  A spriggan druid (Lair:8)
  3 polar bears (Lair:8)
  9 blink frogs
  2 two-headed ogres
  A boulder beetle (Lair:8)
  9 spriggans (Lair:8)
  A vampire (D:12)
  A redback (Lair:8)
  An air elemental (Elf:1)
  A fire elemental (Elf:3)
  4 yaks
  3 fire bats (D:13)
  Eustachio (D:5)
  A hippogriff (D:8)
  A vampire mosquito (D:8)
  3 wargs
  16 wolves
  A hell hound (D:13)
  6 porcupines
  3 water moccasins
  3 black bears (Lair:8)
  An ice beast (D:13)
  A sky beast (D:13)
  2 wasps (Lair:8)
  11 orc warriors
  3 ogres
  A phantom (D:4)
  3 crocodiles
  2 giant frogs
  2 scorpions
  2 wyvern skeletons
  A water moccasin skeleton (D:6)
  5 wights
  5 killer bees
  An orc priest (Orc:1)
  2 hounds
  A quasit (D:6)
  A jelly (D:10)
  2 giant frog skeletons
  A centaur skeleton (D:6)
  2 orc wizards (D:9)
  Jessica (D:3)
  2 worker ants (D:6)
  5 sheep (Lair:8)
  An adder (D:6)
  4 river rats (Lair:8)
  7 white imps (Orc:2)
  An adder skeleton (D:6)
  16 orcs
  A jackal (D:6)
  A quokka (D:9)
  7 giant spores
  A hyperactive ballistomycete (Orc:2)
196 creatures vanquished.

Vanquished Creatures (others)
  A deep elf elementalist (Elf:3)
  4 oklob plants
  3 deep elf magi
  A yak (Lair:8)
  A wolf (Lair:8)
  2 water moccasins (Lair:7)
  A killer bee (D:7)
  A necrophage (D:13)
  34 wandering mushrooms
  A wasp zombie (D:6)
  An orc priest (D:4)
  A killer bee zombie (D:6)
  A worker ant zombie (D:6)
  37 ballistomycetes
  A fire vortex (D:13)
  47 fungi
  13 giant spores
  34 plants
  682 toadstools
866 creatures vanquished.

Grand Total: 1835 creatures vanquished

Notes
Turn   | Place    | Note
--------------------------------------------------------------
     0 | D:1      | M4edhros the Octopode Artificer began the quest for the Orb.
     0 | D:1      | Reached XP level 1. HP: 13/13 MP: 3/3
   405 | D:1      | Reached XP level 2. HP: 15/18 MP: 4/4
   829 | D:2      | Reached skill level 4 in Evocations
   829 | D:2      | Reached XP level 3. HP: 23/23 MP: 4/6
  1272 | D:3      | Reached XP level 4. HP: 12/28 MP: 7/7
  1626 | D:3      | Noticed Jessica
  1636 | D:3      | Killed Jessica
  1773 | D:4      | Noticed Edmund
  1777 | D:4      | Noticed Edmund
  1777 | D:4      | Edmund changed into Edmund the worm
  1781 | D:4      | Killed Edmund the worm
  2084 | D:4      | Noticed a phantom
  2188 | D:4      | Reached XP level 5. HP: 21/33 MP: 8/8
  2219 | D:4      | Reached skill level 1 in Slings
  2354 | D:4      | Found a staircase to the Ecumenical Temple.
  2375 | Temple   | Entered the Ecumenical Temple
  2427 | Temple   | Became a worshipper of Xom of Chaos
  2778 | D:3      | XOM: smoke on damage
  2821 | D:5      | Entered Level 5 of the Dungeon
  2846 | D:5      | Noticed Prince Ribbit
  2984 | D:5      | Reached XP level 6. HP: 28/38 MP: 9/9
  2985 | D:5      | XOM: potion effect (heal wounds)
  3003 | D:5      | XOM: harmless Pois miscast
  3026 | D:5      | Found a blossoming altar of Fedhas.
  3027 | D:5      | Found an ancient bone altar of Kikubaaqudgha.
  3033 | D:5      | Fell from the grace of Xom
  3033 | D:5      | Became a worshipper of Fedhas Madash
  3581 | D:2      | XOM: give mutations
  3581 | D:2      | Gained mutation: Scrolls take you a little longer to read. [Xom's mischief]
  3581 | D:2      | Gained mutation: Your body sometimes deteriorates upon taking damage. [Xom's mischief]
  4183 | D:3      | Reached * piety under Fedhas
  4191 | D:4      | Noticed Blork the orc
  4191 | D:4      | Noticed Natasha
  4202 | D:4      | Killed Natasha
  4204 | D:4      | Killed Blork the orc
  4237 | D:4      | Reached XP level 7. HP: 36/43 MP: 10/10
  4240 | D:4      | Reached skill level 1 in Invocations
  4448 | D:4      | XOM: severe Tloc miscast
  4530 | D:4      | Reached skill level 5 in Stealth
  4593 | D:4      | Noticed Natasha
  4600 | D:4      | Killed Natasha
  4600 | D:4      | Reached skill level 5 in Evocations
  4660 | D:4      | XOM: give mutations
  4660 | D:4      | Gained mutation: You are weak. (Str -2) [Xom's mischief]
  4660 | D:4      | Lost mutation: Your body sometimes deteriorates upon taking damage. [Xom's mischief]
  4674 | D:4      | Found a glowing golden altar of the Shining One.
  4674 | D:4      | Found a shadowy altar of Dithmenos.
  4766 | D:5      | XOM: give mutations
  4766 | D:5      | Gained mutation: You are very weak. (Str -4) [Xom's mischief]
  4766 | D:5      | Gained mutation: You occasionally shout uncontrollably at your foes. [Xom's mischief]
  4799 | D:5      | Gained mutation: You are dopey. (Int -2) [potion of mutation]
  4799 | D:5      | Gained mutation: You are surrounded by a mild repulsion field (EV +2). [potion of mutation]
  4800 | D:5      | Gained mutation: You are frail (-10% HP). [potion of mutation]
  4812 | D:5      | Noticed Grinder
  4841 | D:5      | Killed Grinder
  4841 | D:5      | Reached skill level 5 in Dodging
  4841 | D:5      | Reached skill level 6 in Stealth
  4841 | D:5      | Reached XP level 8. HP: 40/43 MP: 11/11
  4861 | D:5      | XOM: torment (22/43 hp)
  4881 | D:5      | Found a white marble altar of Elyvilon.
  5116 | D:5      | Killed Prince Ribbit
  5173 | D:5      | XOM: summons 2 hostile shadow creatures
  5195 | D:5      | XOM: medium Divn miscast
  5318 | D:5      | Found a shattered altar of Ashenzari.
  5318 | D:5      | Noticed Eustachio
  5339 | D:5      | Killed Eustachio
  5506 | D:5      | XOM: noise
  5533 | D:5      | Reached skill level 7 in Stealth
  5672 | D:5      | XOM: mild Pois miscast
  5763 | D:6      | Reached skill level 5 in Slings
  5997 | D:6      | Reached XP level 9. HP: 33/47 MP: 13/13
  6344 | D:6      | Reached ** piety under Fedhas
  6595 | D:6      | Reached skill level 8 in Stealth
  6618 | D:6      | XOM: medium Ice miscast
  7012 | D:6      | XOM: medium Necr miscast
  7348 | D:7      | Found a snail-covered altar of Cheibriados.
  7541 | D:7      | Reached skill level 5 in Invocations
  7855 | D:7      | XOM: medium Summ miscast
  8461 | D:8      | Reached skill level 9 in Stealth
  9027 | D:8      | XOM: medium Chrm miscast
  9087 | D:8      | Reached XP level 10. HP: 31/53 MP: 14/14
  9133 | D:8      | Found a staircase to the Lair.
  9275 | D:8      | XOM: mild Erth miscast
  9496 | D:9      | XOM: noise
  9505 | D:9      | Reached *** piety under Fedhas
  9560 | D:9      | Found an opulent altar of Gozag.
  9635 | D:9      | Gained mutation: You are partially covered in thin metallic scales (AC +2). [mutagenic meat]
  9637 | D:9      | Gained mutation: Your flesh is cold resistant. [mutagenic meat]
  9639 | D:9      | Gained mutation: You are mostly covered in thin metallic scales (AC +3). [mutagenic meat]
 10455 | D:9      | Reached skill level 10 in Stealth
 10476 | D:9      | XOM: mild Hex miscast
 10627 | D:10     | Entered Level 10 of the Dungeon
 10958 | D:10     | Lost mutation: Scrolls take you a little longer to read. [mutagenic meat]
 10959 | D:10     | Lost mutation: You are frail (-10% HP). [mutagenic meat]
 10962 | D:10     | Lost mutation: You occasionally shout uncontrollably at your foes. [mutagenic meat]
 11487 | D:10     | Reached **** piety under Fedhas
 11628 | D:11     | Noticed Josephine
 11748 | D:11     | Reached skill level 1 in Shields
 12296 | Lair:1   | Entered Level 1 of the Lair of Beasts
 12296 | Lair:1   | Noticed a spiny frog
 12299 | Lair:1   | Killed a spiny frog
 12490 | Lair:1   | XOM: silly message
 12731 | Lair:1   | Reached XP level 11. HP: 38/63 MP: 16/16
 12848 | Lair:1   | XOM: harmless Trmt miscast
 12861 | Lair:1   | XOM: silly message
 13029 | Lair:1   | XOM: divination: detect creatures
 13041 | Lair:1   | XOM: noise
 13325 | Lair:1   | XOM: medium Conj miscast
 13325 | Lair:1   | Was forgiven by Xom
 13765 | Lair:2   | Noticed Gastronok
 13788 | Lair:2   | Killed Gastronok
 13788 | Lair:2   | Reached skill level 5 in Shields
 14455 | Lair:2   | Reached ***** piety under Fedhas
 15167 | Lair:3   | Found a staircase to the Shoals.
 15190 | Lair:3   | Noticed Urug
 15316 | Lair:3   | Gained mutation: You are somewhat resistant to further mutation. [potion of mutation]
 15830 | Lair:3   | Killed Urug
 15833 | Lair:3   | Gained mutation: Your flesh is very cold resistant. [potion of mutation]
 15833 | Lair:3   | Gained mutation: You tend to lose your temper in combat. [potion of mutation]
 15877 | Lair:3   | Reached XP level 12. HP: 14/69 MP: 18/18
 17410 | Lair:5   | Found a staircase to the Snake Pit.
 17540 | Lair:5   | Noticed a five-headed hydra
 17560 | Lair:5   | Killed a five-headed hydra
 17724 | Lair:5   | You fall through a shaft!
 17724 | Lair:6   | Noticed a death yak
 17724 | Lair:6   | Noticed a death yak
 17762 | Lair:6   | Noticed a six-headed hydra
 17772 | Lair:6   | Found a labyrinth entrance.
 17781 | Lab      | Entered a labyrinth
 17985 | Lab      | Reached skill level 10 in Dodging
 18320 | Lab      | Found an exit through the horrors of the Abyss.
 18459 | Lab      | Noticed a minotaur
 18480 | Lab      | Killed a minotaur
 18484 | Lab      | Identified a cursed +0 rod of inaccuracy (1/13) (You took it off a minotaur in a labyrinth)
 18504 | Lab      | Identified Sif Muna's Catalogue of Augmentations
 18510 | Lab      | Learned a level 2 spell: Repel Missiles
 18514 | Lab      | Learned a level 3 spell: Regeneration
 18517 | Lab      | Learned a level 2 spell: Song of Slaying
 18520 | Lab      | Learned a level 2 spell: Shroud of Golubria
 18523 | Lab      | Learned a level 2 spell: Swiftness
 18884 | Lair:6   | Noticed Voda's ghost (journeyman OpIE)
 19559 | Lair:6   | Killed a six-headed hydra
 19717 | Lair:6   | Killed Voda's ghost
 19897 | Lair:6   | Killed a death yak
 19900 | Lair:6   | Killed a death yak
 20086 | Lair:6   | Reached ****** piety under Fedhas
 20698 | Lair:7   | Reached skill level 10 in Invocations
 20805 | Lair:7   | Reached XP level 13. HP: 42/78 MP: 20/20
 21375 | Lair:7   | Found a staircase to the Slime Pits.
 21883 | Lair:8   | Entered Level 8 of the Lair of Beasts
 22118 | Lair:8   | Noticed Rupert
 22125 | Lair:8   | Paralysed by Rupert for 5 turns
 22164 | Lair:8   | Killed Rupert
 22189 | Lair:8   | Reached skill level 5 in Fighting
 22623 | Lair:8   | Reached skill level 10 in Slings
 24194 | Lair:8   | Reached skill level 10 in Shields
 24216 | Lair:8   | Reached XP level 14. HP: 34/90 MP: 22/22
 24524 | Lair:8   | Reached skill level 11 in Dodging
 25802 | D:12     | Found a staircase to the Orcish Mines.
 26272 | D:12     | Reached skill level 1 in Spellcasting
 26875 | D:13     | Gained mutation: You are clumsy. (Dex -2) [mutagenic meat]
 26880 | D:13     | Lost mutation: You are dopey. (Int -2) [mutagenic meat]
 26881 | D:13     | Lost mutation: You are clumsy. (Dex -2) [mutagenic meat]
 26995 | D:13     | Got a polished falchion
 27045 | D:13     | Gained mutation: Scrolls take you a little longer to read. [mutagenic meat]
 27068 | D:13     | Reached skill level 10 in Evocations
 27088 | D:13     | Reached skill level 1 in Charms
 27171 | D:13     | Identified the cursed +1 falchion "Muloem" {slice, rC+ MR- Dex+2} (You found it on level 13 of the Dungeon)
 27477 | D:13     | Noticed Sonja
 27493 | D:13     | Killed Sonja
 27814 | D:13     | Gained mutation: You regenerate slowly when monsters are visible. [mutagenic meat]
 27976 | D:13     | Found a gate to the Vaults.
 28598 | Orc:1    | Entered Level 1 of the Orcish Mines
 28605 | Orc:1    | Noticed an orc warlord
 28611 | Orc:1    | Noticed Fannar
 28615 | Orc:1    | Noticed a stone giant
 28615 | Orc:1    | Killed an orc warlord
 28812 | Orc:1    | Killed a stone giant
 29317 | Orc:2    | Entered Level 2 of the Orcish Mines
 29388 | Orc:2    | Killed Fannar
 29448 | Orc:2    | Found a staircase to the Elven Halls.
 29553 | Orc:2    | Found a frozen archway.
 29729 | IceCv    | Entered an ice cave
 31060 | Orc:2    | Noticed Snorg
 31103 | Orc:2    | Killed Snorg
 31255 | Orc:2    | Reached XP level 15. HP: 74/99 MP: 23/23
 31435 | Orc:2    | Found Nazeykh's Food Boutique.
 31435 | Orc:2    | Found Ekhlom's Jewellery Boutique.
 31437 | Orc:2    | Found Nohaanut's Food Shop.
 31487 | Orc:2    | Found Mose's Assorted Antiques.
 31498 | Orc:2    | Bought a scroll of enchant weapon for 202 gold pieces
 31777 | Elf:1    | Entered Level 1 of the Elven Halls
 31827 | Elf:1    | Noticed a deep elf sorcerer
 31830 | Elf:1    | Killed a deep elf sorcerer
 31982 | Elf:1    | Identified Vehumet's Guide on Confrontation
 32092 | Elf:1    | Noticed Aizul
 32127 | Elf:1    | Killed Aizul
 32163 | Elf:1    | Gained mutation: You are clumsy. (Dex -2) [mutagenic meat]
 33024 | Elf:2    | Reached skill level 12 in Stealth
 33128 | Elf:1    | Noticed a deep elf elementalist
 33763 | Elf:2    | Reached skill level 5 in Charms
 34759 | Elf:1    | Killed a deep elf elementalist
 35251 | Elf:3    | Entered Level 3 of the Elven Halls
 35251 | Elf:3    | Noticed a deep elf master archer
 35251 | Elf:3    | Noticed a deep elf sorcerer
 35251 | Elf:3    | Noticed a deep elf sorcerer
 35251 | Elf:3    | Noticed a deep elf sorcerer
 35251 | Elf:3    | Noticed a deep elf sorcerer
 35251 | Elf:3    | Noticed a deep elf elementalist
 35256 | Elf:3    | HP: 5/101 [deep elf master archer/arrow of flame (26)]
 35257 | Elf:3    | Noticed a deep elf elementalist
 35257 | Elf:3    | Noticed a Brimstone Fiend
 35625 | Elf:3    | Killed a deep elf master archer
 35625 | Elf:3    | Reached XP level 16. HP: 68/108 MP: 25/25
 36031 | Elf:3    | Noticed a deep elf blademaster
 36038 | Elf:3    | Killed a deep elf blademaster
 36059 | Elf:3    | Noticed a deep elf blademaster
 36074 | Elf:3    | Killed a deep elf blademaster
 36074 | Elf:3    | Reached skill level 5 in Spellcasting
 36286 | Elf:3    | Got a slimy platinum amulet
 36402 | Elf:3    | Reached skill level 10 in Fighting
 36449 | Elf:3    | Got a warped glass ring
 36450 | Elf:3    | Identified the ring of the Illusory Wishes {rPois rC+ Dex+4 Slay-5 SInv} (You took it off a deep elf sorcerer on level 3 of the Elven Halls)
 36461 | Elf:3    | Identified the amulet "Ymueman" {Faith rElec rPois rF++ rN+ Int-2} (You took it off a deep elf elementalist on level 3 of the Elven Halls)
 36831 | Elf:3    | Noticed an Executioner
 37317 | Elf:3    | Noticed a deep elf master archer
 37334 | Elf:3    | Killed a deep elf master archer
 37454 | Elf:3    | Reached skill level 13 in Evocations
 37464 | Elf:3    | Found Bionwen's Book Emporium.
 37609 | Elf:3    | Paralysed by a chaos spawn for 3 turns
 37610 | Elf:3    | HP: 4/111 [chaos spawn[a deep elf mage] (12)]
 37610 | Elf:3    | Slain by a chaos spawn

Vault maps used:
D:1:      minmay_arrival_stair_chambers, serial_forest,
          infiniplex_forest_diagonal, infiniplex_forest_clump_medium,
          infiniplex_forest_straight_3, infiniplex_forest_lined_3,
          infiniplex_forest_zigzag_1, infiniplex_forest_lined_2,
          infiniplex_forest_lined_2
D:2:      first_bread
D:3:      hangedman_decor_growths, minmay_box_of_dots, uniq_jessica
D:4:      minmay_door_path, gammafunk_temple_overflow_elements,
          minmay_temple_entry_overgrown, st_stairs_1, guppyfry_early_orc_mine,
          uniq_blork_the_orc, uniq_natasha, uniq_edmund
D:5:      lemuel_round_altar, lemuel_doored_altar,
          grunt_temple_overflow_growth_and_decay, minmay_fire_ice_demons,
          uniq_eustachio, uniq_grinder, uniq_prince_ribbit1
D:6:      nicolae_overflow_hidden_temple, serial_undead, serial_undead_a,
          serial_undead_a, serial_undead_e, serial_undead_d,
          hangedman_decor_opposing
D:7:      slow_altar_1, grunt_ogre_cave
D:8:      dpeg_oklobed_lair
D:9:      minmay_goldmine, basic_altar
D:11:     hangedman_weighted_door, uniq_josephine
D:12:     erik_orc_3, evilmike_butchery
D:13:     david_vaults_4, hangedman_incinerator, uniq_sonja
D:14:     hangedman_decor_clover_reticule, kennysheep_diamond
Temple:   water_room_temple_b_12
Lair:1:   st_stairs_9, cheibrodos_lair_reptile_den
Lair:2:   beast_lair_carwin_5, infiniplex_staircase_pool, uniq_gastronok
Lair:3:   minmay_shoals_entry_hut, fungi_pond_lemuel, uniq_urug
Lair:4:   columned_hall_lemuel, grunt_megastairs_1
Lair:5:   dummy_snake_entry, grunt_megastairs_4
Lair:6:   lab_entry_generic, grunt_megastairs_5
Lair:7:   minmay_slime_entry_oklob_open, guppyfry_lair_drakes,
          grunt_megastairs_2
Lair:8:   minmay_lair_end_enchanted_forest, serial_bayou_shore_b, uniq_rupert
Orc:1:    uniq_fannar
Orc:2:    st_orc_mages, portal_ice_cave_entry_imps, uniq_snorg
Elf:1:    minmay_elf_sorcery, uniq_aizul
Elf:2:    small_statue_intersection
Elf:3:    elf_hall, serial_shops, shop, minmay_misc_feat_diagonals
Lab:      nicolae_lab_dead_adventurers, labyrinth_skeletal_remains,
          nicolae_lab_checkerboard, nicolae_lab_quarters, nicolae_lab_starburst,
          nicolae_lab_flowing_pool, labyrinth_fake_exit
IceCv:    ice_cave_tombish

Action                   |  1- 3 |  4- 6 |  7- 9 | 10-12 | 13-15 | 16-18 || total
-------------------------+-------+-------+-------+-------+-------+-------++-------
Melee: Short sword       |    74 |    14 |       |       |       |       ||    88
       Flail             |       |    21 |       |       |       |       ||    21
       Quarterstaff      |       |    68 |    46 |       |       |       ||   114
       Dagger            |       |    40 |   148 |   530 |   346 |    21 ||  1085
       Rapier            |       |       |       |    20 |       |       ||    20
       Quick blade       |       |       |       |     6 |    16 |       ||    22
       Demon trident     |       |       |       |       |   101 |       ||   101
       Cutlass           |       |       |       |       |       |    32 ||    32
 Fire: Hunting sling     |       |       |    78 |   312 |  1158 |    42 ||  1590
       Blowgun           |       |       |       |       |     3 |       ||     3
       Greatsling        |       |       |       |       |       |    14 ||    14
Invok: Evolution         |       |     1 |     6 |    12 |    27 |     4 ||    50
       Sunlight          |       |       |       |     3 |    52 |    19 ||    74
       Rain              |       |       |       |       |     8 |     3 ||    11
       Reproduction      |       |       |       |       |     7 |       ||     7
       Growth            |       |       |       |       |       |     2 ||     2
Evoke: Wand              |     1 |     7 |    20 |    16 |    37 |     9 ||    90
       Rod               |       |       |       |     8 |   144 |    32 ||   184
  Use: Potion            |       |     5 |    13 |     6 |    11 |       ||    35
       Scroll            |       |     9 |     8 |    20 |    23 |     2 ||    62
 Stab: Sleeping          |     7 |     8 |     9 |    62 |    10 |       ||    96
       Distracted        |       |     1 |     2 |     1 |     2 |     2 ||     8
       Paralysed         |       |       |     2 |       |       |     2 ||     4
       Confused          |       |       |     1 |     7 |     2 |       ||    10
       Invisible         |       |       |       |       |     1 |       ||     1
  Eat: Chunk             |     1 |     6 |       |    12 |    23 |       ||    42
       Bread ration      |       |     1 |     2 |     5 |     3 |       ||    11
       Pizza             |       |       |     2 |     2 |       |       ||     4
       Royal jelly       |       |       |     1 |     3 |       |       ||     4
       Beef jerky        |       |       |       |     2 |    12 |     2 ||    16
       Meat ration       |       |       |       |     2 |     6 |     1 ||     9
